 Dungeon Crawl Stone Soup version 0.21-a0-94-gdd6ab6a (webtiles) character file.

160 grindst0ne the Sneak (level 5, -10/41 HPs)
             Began as a Merfolk Assassin on July 3, 2017.
             Was a Follower of Dithmenos.
             Mangled by an ogre
             ... wielding a +0 giant spiked club
              (19 damage)
             ... on level 3 of the Dungeon.
             The game lasted 00:07:22 (2631 turns).

grindst0ne the Sneak (Merfolk Assassin)             Turns: 2631, Time: 00:07:23

Health: -10/41     AC:  5    Str: 12    XL:     5   Next: 41%
Magic:  5/5        EV: 12    Int: 10    God:    Dithmenos [*.....]
Gold:   73         SH:  0    Dex: 16    Spells: 4/4 levels left

rFire    . . .     SeeInvis .   a - +2 dagger
rCold    . . .     Gourm    .   (no shield)
rNeg     . . .     Faith    .   c - +0 robe
rPois    .         Spirit   .   (no helmet)
rElec    .         Reflect  .   d - +0 cloak
rCorr    .         Harm     .   o - +0 pair of gloves
MR       +....                  n - +0 pair of boots
Stlth    ++++......             (no amulet)
HPRegen  0.13/turn              i - ring of protection from magic
MPRegen  0.09/turn              (no ring)

@: about to teleport, wreathed by umbra
A: change form in water, swift swim, stealthy swim
a: Renounce Religion


You were on level 3 of the Dungeon.
You worshipped Dithmenos.
Dithmenos was aware of your devotion.
You were not hungry.

You visited 1 branch of the dungeon, and saw 3 of its levels.

You collected 73 gold pieces.

Inventory:

Hand Weapons
 a - a +2 dagger (weapon)
 b - a +0 blowgun
Missiles
 e - 18 poisoned needles
 f - 2 curare-tipped needles
Armour
 c - a +0 robe (worn)
 d - a +0 cloak (worn)
 n - a +0 pair of boots (worn)
 o - a +0 pair of gloves (worn)
Jewellery
 i - a ring of protection from magic (left hand)
Scrolls
 q - a scroll of fog
 t - a scroll of amnesia
Potions
 l - 3 potions of brilliance
 p - a potion of heal wounds
 s - a potion of degeneration {unknown}
Comestibles
 g - 2 bread rations
 h - 2 meat rations
 r - 8 chunks of flesh


   Skills:
 + Level 3.6 Fighting
 + Level 4.2 Short Blades
 - Level 2.0 Throwing
 - Level 1.3 Dodging
 + Level 5.8 Stealth


You had 4 spell levels left.
You didn't know any spells.

Dungeon Overview and Level Annotations

Branches:
Dungeon (3/15)

Altars:
Cheibriados
Dithmenos
Okawaru
Trog
Vehumet
Wu Jian
Yredelemnul


Message History

The jackal closely misses you.
The jackal bites you but does no damage.
The jackal bites you. The jackal closely misses you.
The jackal closely misses you.
The jackal bites you but does no damage.
It was a potion of magic.
Magic courses through your body. The ogre closely misses you.
It was a potion of curing.
You feel better.
The ogre hits you with a giant spiked club!
It was a potion of heal wounds.
You feel much better.
a - a +2 dagger (weapon)
The ogre hits you with a giant spiked club!!
Ouch! That really hurt!
* * * LOW HITPOINT WARNING * * *
Okay, then.
As you read the scroll of teleportation, it crumbles to dust.
You feel strangely unstable.
The ogre hits you with a giant spiked club!!
You die...

##.h..##.......
##############..#####.......
##..............## ########
#.....#########..# #8## #
#####.....#####h.##8...8 .8#
#####....##..##..... ..#
####..##.#_..... .>
#################....##.....
.#
#...............@Oh..##8...8
.....).############### ##8##
#..8...# ##############
#.8_8..# #.....(.......
#..8...# ##.#####.######
......## #..# #.# ...####
########.## #.## ####
##........# #..### ##
######..######## ##...#


You could see an ogre and a jackal.

Vanquished Creatures
  Terence (D:2)
  4 adders
  4 gnolls (D:3)
  A worm (D:2)
  A dart slug (D:1)
  A leopard gecko (D:2)
  2 ball pythons
  6 bats
  3 giant cockroaches
  2 gnoll zombies (D:2)
  6 goblins
  9 hobgoblins
  3 jackals (D:1)
  2 frilled lizards (D:1)
  8 kobolds
  5 rats
58 creatures vanquished.

Vanquished Creatures (others)
  A bat (D:2)
1 creature vanquished.

Grand Total: 59 creatures vanquished

Notes
Turn   | Place    | Note
-------+----------+-------------------------------------------
     0 | D:1      | grindst0ne the Merfolk Assassin began the quest for the Orb.
     0 | D:1      | Reached XP level 1. HP: 16/16 MP: 1/1
   104 | D:1      | Reached XP level 2. HP: 20/23 MP: 2/2
   478 | D:1      | Reached XP level 3. HP: 25/28 MP: 3/3
   642 | D:2      | Reached skill level 5 in Stealth
   844 | D:2      | Found a shadowy altar of Dithmenos.
   906 | D:2      | Became a worshipper of Dithmenos the Shadowed
   940 | D:2      | Noticed Terence
  1007 | D:2      | Found a snail-covered altar of Cheibriados.
  1013 | D:2      | Found a radiant altar of Vehumet.
  1375 | D:2      | Killed Terence
  1375 | D:2      | Reached XP level 4. HP: 7/35 MP: 4/4
  2035 | D:2      | Found a basalt altar of Yredelemnul.
  2207 | D:3      | Found a bloodstained altar of Trog.
  2252 | D:3      | Reached * piety under Dithmenos
  2346 | D:3      | Reached XP level 5. HP: 41/41 MP: 5/5
  2481 | D:3      | Found a faded altar of an unknown god.
  2510 | D:3      | Found an iron altar of Okawaru.
  2581 | D:3      | Found an ornate altar of the Wu Jian Council.
  2584 | D:3      | Noticed an ogre
  2631 | D:3      | Mangled by an ogre

Vault maps used:
D:1:      dpeg_arrival_simpleton_b
D:2:      nicolae_dithmenos_through_a_glass_darkly, fiery_altar_vehumet,
          lemuel_zombie_altar_yredelemnul, old_standard_altar, uniq_terence
D:3:      lemuel_doored_altar, nicolae_overflow_crystal_walls,
          nicolae_overflow_hidden_temple, chequers_ecumenical_altar_simple,
          roderic_roman_lattice, minmay_misc_feat_more_columns

Skill      XL: |  1  2  3  4  5 |
---------------+----------------+-----
Short Blades   | 3 4 |  4.2
Stealth        | 5 |  5.8
Fighting       | 3 |  3.6
Throwing       | |  2.0
Dodging        | |  1.3

Action                   |  1- 3 |  4- 6 || total
-------------------------+-------+-------++-------
Melee: Dagger            |   103 |    86 ||   189
 Fire: Blowgun           |     7 |     2 ||     9
  Use: Scroll            |     6 |     2 ||     8
       Potion            |       |     3 ||     3
 Stab: Sleeping          |     8 |     6 ||    14
       Distracted        |     1 |       ||     1
  Eat: Chunk             |     1 |     4 ||     5
Armor: Robe              |    15 |    19 ||    34
Dodge: Dodged            |    58 |    52 ||   110
